 Dungeon Crawl Stone Soup version 0.31-b1-17-gcfd88c8481 (webtiles) character file.

Game seed: 14378726521142011835

77 Esekla the Sneak (level 4, 20/31 HPs)
             Began as an Octopode Delver on Jan 15, 2024.
             Quit the game on level 5 of the Dungeon.
             The game lasted 00:01:47 (84 turns).

Esekla the Sneak (Octopode Delver)                    Turns: 84, Time: 00:01:47

Health: 20/31      AC:  1    Str: 11    XL:     4   Next: 33%
Magic:  5/5        EV: 13    Int: 14    God:
Gold:   22         SH:  0    Dex: 13    Spells: 5/5 levels left

rFire   . . .        a - +0 falchion
rCold   . . .        (no shield)
rNeg    . . .        (helmet restricted)
rPois   .            (no amulet)
rElec   .            (no ring)
rCorr   .            (no ring)
SInv    .            (no ring)
Will    .....        (no ring)
Stlth   +++++        (no ring)
HPRegen 0.25/turn    (no ring)
MPRegen 0.09/turn    (no ring)
                     (no ring)

%: no passive effects
@: no status effects
A: almost no armour, amphibious, 8 rings, camouflage 1, gelatinous body 1,
(nimble swimmer 1), tentacles
a: no special abilities


You were on level 5 of the Dungeon.
You visited 1 branch of the dungeon, and saw 1 of its levels.

You collected 22 gold pieces.

Inventory:

Hand Weapons
 a - a +0 falchion (weapon)
Wands
 f - a wand of digging (3)
Scrolls
 b - a scroll of fog
 d - a scroll of fear
Potions
 c - a potion of cancellation {unknown}
 e - a potion of haste


   Skills:
 * Level 3.4 Fighting
 * Level 2.3 Long Blades
 * Level 2.4 Dodging
 + Level 7.6 Stealth
 * Level 1.0 Spellcasting


You had 5 spell levels left.
You didn't know any spells.
Your spell library was empty.

Dungeon Overview and Level Annotations

Branches:
Dungeon (5/15)
 Temple: D:4-7

Altars:
Makhleb


Innate Abilities, Weirdness & Mutations

You cannot wear most types of armour.
You are amphibious.
You can wear up to eight rings at the same time.
Your skin changes colour to match your surroundings (Stealth+).
Your rubbery body absorbs attacks. (AC +1, EV +1)
((You are camouflaged when in or above water. (Stealth+)))
You have tentacles for arms and can constrict up to eight enemies at once.


Message History

The crimson imp is lightly wounded.
The crimson imp barely misses you.
You hit the crimson imp but do no damage.
You grab the crimson imp. You constrict the crimson imp.
The crimson imp hits you. x2
You barely miss the crimson imp. You squeeze the crimson imp!
The crimson imp is severely wounded.
You constrict the crimson imp.
The crimson imp blinks free!
The crimson imp shouts, "Scamper home, thou venomed dismal-dreaming bloater!"
You barely miss the orc. You grab the orc. You squeeze the orc.
The orc is lightly wounded.
You constrict the orc.
The orc splashes around in the water.
You hit the crimson imp. You grab the crimson imp.
The crimson imp is severely wounded.
You constrict the crimson imp, but do no damage.
You constrict the orc. The crimson imp barely misses you.
The orc hits you with a +0 dagger.
You hit the crimson imp but do no damage.
You squeeze the crimson imp, but do no damage.
The crimson imp is heavily wounded.
You constrict the crimson imp. You constrict the orc. The crimson imp hits you.
The orc splashes around in the water.
You hit the crimson imp but do no damage.
The crimson imp is heavily wounded.
You constrict the crimson imp. You constrict the orc.
You kill the orc!
You hear a splash.
The crimson imp struggles to blink free from constriction.
The crimson imp barely misses you.
You slash the crimson imp!
You kill the crimson imp!
Your Spellcasting skill increases to level 1!
You have reached level 4!
Things that are here:
a +0 dagger; an orc corpse
There is an open door here.
c - a sedimented silvery potion
There is an open door here.
You close the door.
Are you sure you want to abandon this character and quit the game? (Confirm with "yes".)

,* *,,,,,,#.#,*,,,,,,,,,,, ,**
*,,,***#.#,*******,,,,,
,,********#,,,* #.#,,,,,,,,,,,,*
,,,,,,,,.##.,,* #.#********,,,*,
,,,,,,,,.....,* #.# *,,,#*
,,,,,,,,,#....####.########*,....
,,,,,,,,,#................#*,..#.
,,,,,,,,,##...##+##......h#*,..#.
,,,,,,,,.....##.@.##......####..#
,,,,,,,,.###*#.~.~.#.............
,,,,,,,,,,,**#≈~.~≈#...........#.
,,,,,,,,,,,,,#≈~_)≈#######.....#.
,,,,,,,,,*,,,#≈#∩#≈# #.....#.
,,,,,,,,,,,,,####### #....#.o
,,,,,,,,,**,,* *** #....#..
,,,,,,,,,**,,***,***** #....#..
,,,,,,,,,**,,,,,,,,,.#####....#..


There were no monsters in sight!

Vanquished Creatures
  A howler monkey (D:5)
  A crimson imp (D:5)
  An orc (D:5)
3 creatures vanquished.

Notes
Turn   | Place    | Note
-------+----------+-------------------------------------------
     0 | D:5      | Esekla the Octopode Delver began the quest for the Orb.
     0 | D:5      | Reached XP level 1. HP: 16/16 MP: 1/1
    10 | D:5      | Noticed a howler monkey
    17 | D:5      | Noticed a two-headed ogre
    19 | D:5      | Killed a howler monkey
    20 | D:5      | Reached skill level 7 in Stealth
    20 | D:5      | Reached XP level 2. HP: 21/21 MP: 1/3
    20 | D:5      | Reached XP level 3. HP: 26/26 MP: 1/4
    56 | D:5      | Found a burning altar of Makhleb.
    74 | D:5      | Reached skill level 1 in Spellcasting
    74 | D:5      | Reached XP level 4. HP: 18/31 MP: 5/5
    84 | D:5      | Quit the game

Illustrated notes

Levels and vault maps discovered:
D:5:      layout_basic, makhleb_grotto_becter, minmay_manual_mess

Skill      XL: |  1  2  3 |
---------------+----------+-----
Stealth        | 7 |  7.6
Spellcasting   | 1 |  1.0
Fighting       | |  3.4
Long Blades    | |  2.3
Dodging        | |  2.4

Action                     |  1- 3 |  4- 6 || total
---------------------------+-------+-------++-------
  Melee: Falchion          |    11 |       ||    11
         Constrict         |     4 |       ||     4
         Tentacles         |     4 |       ||     4
    Use: Scroll            |     1 |       ||     1
 Armour: Skin              |     8 |       ||     8
  Dodge: Dodged            |     7 |       ||     7
